 Dungeon Crawl Stone Soup version 0.30-a0-715-gdb4ae3ece1 (webtiles) character file.

Game seed: 4706172323264695470

224 flotson the Sneak (level 5, -5/42 HPs)
             Began as a Demonspawn Delver on Jan 23, 2023.
             Slain by an orc
             ... wielding a +0 falchion of electrocution
              (19 damage)
             ... on level 4 of the Dungeon.
             The game lasted 00:06:10 (3158 turns).

flotson the Sneak (Demonspawn Delver)               Turns: 3158, Time: 00:06:10

Health: -5/42      AC:  6    Str: 14    XL:     5   Next: 67%
Magic:  5/5        EV: 11    Int: 11    God:
Gold:   177        SH:  0    Dex: 15    Spells: 4/4 levels left

rFire   . . .      SeeInvis .    a - +2 club (spect)
rCold   . . .      Faith    .    (no shield)
rNeg    . . .      Spirit   .    u - +0 ring mail
rPois   .          Reflect  .    (no helmet)
rElec   .          Harm     .    l - +0 cloak
rCorr   .          Rampage  .    (no gloves)
Will    .....                    (no boots)
Stlth   +                        (no amulet)
HPRegen 0.27/turn                (no ring)
MPRegen 0.09/turn                (no ring)

@: confused, studying Polearms
A: large bone plates 3, powered by pain 1
a: no special abilities


You were on level 4 of the Dungeon.
You visited 1 branch of the dungeon, and saw 5 of its levels.

You collected 177 gold pieces.

Inventory:

Hand Weapons
 a - a +2 spectral club (weapon)
 b - a +0 dagger of electrocution
Missiles
 e - 4 javelins
 h - 3 boomerangs (quivered)
 r - 5 poisoned darts
Armour
 l - a +0 cloak (worn)
 u - a +0 ring mail (worn)
Wands
 g - a wand of digging (3)
 s - a wand of mindburst (13)
Scrolls
 c - a scroll of fog
 f - a scroll of noise {unknown}
 k - 2 scrolls of teleportation {unknown}
 m - 3 scrolls of identify {unknown}
 n - a scroll of poison {unknown}
 p - a scroll of immolation {unknown}
 x - a scroll of blinking {unknown}
 y - a scroll of brand weapon {unknown}
Potions
 i - a potion of might {unknown}
 j - a potion of cancellation {unknown}
 o - a potion of attraction {unknown}
 q - a potion of flight {unknown}
 t - 2 potions of lignification {unknown}
 v - a potion of mutation {unknown}
 z - a potion of brilliance {unknown}


   Skills:
 + Level 3.7 Fighting
 + Level 2.6 Axes
 + Level 1.5 Throwing
 + Level 1.6 Armour
 + Level 2.5 Dodging
 + Level 4.9 Stealth
 + Level 1.7 Evocations


You had 4 spell levels left.
You didn't know any spells.
Your spell library was empty.

Dungeon Overview and Level Annotations

Branches:
Dungeon (5/15)
 Temple: D:4-7

Altars:
Nemelex Xobeh

Annotations:
D:2 Pargi
D:5 3 runed translucent doors, sirJeffrey23's ghost, novice TeAE


Innate Abilities, Weirdness & Mutations

You are completely covered in large bone plates. (SH +8)
You sometimes gain a little power by taking damage.


Message History

The orc hits you but does no damage. The orc barely misses you.
You hit the orc.
The orc is heavily wounded.
You block the orc's attack. The orc wizard closely misses you.
The orc hits you but does no damage. You block the orc wizard's attack.
The orc hits you but does no damage. x2; You are electrocuted!
You closely miss the orc.
The orc is heavily wounded.
The orc wizard gestures at you while chanting.
The magic dart hits you! The orc barely misses you. You block the orc's attack.
You are too injured to fight recklessly!
You are too injured to fight recklessly!
You are too injured to fight recklessly!
You are too injured to fight recklessly!
You are too injured to fight recklessly!
You are too injured to fight recklessly!
You are too injured to fight recklessly!
You closely miss the orc wizard.
Your +2 spectral club hits the orc wizard.
The orc barely misses you. You block the orc's attack.
The orc wizard casts a spell.
The orc wizard flickers and vanishes!
Deactivating autopickup; reactivate with Ctrl-A.
You hit something.
Your +2 spectral club misses something.
The orc hits you but does no damage. x2
You hear some strange, mumbled words.
You are confused.
You barely miss something.
Your +2 spectral club hits something.
Something hits you. The orc hits you but does no damage.
The orc closely misses you.
You bump into the rock wall.
The orc hits you with a +0 falchion of electrocution.
The orc hits you with a +0 mace. Something hits you but does no damage.
You miss something. Your punch misses something.
Your +2 spectral club hits something.
Reactivating autopickup.
You feel a bit more experienced.
The orc hits you with a +0 falchion of electrocution.
You are electrocuted!!
You die...

## ..# #.# #. #..##
.. ##. ...# ..# #..
#..###..# #####..
...#..# ......o##
#.....#
......o@#####.....#
.####.)(....#.<...#
#..ยง........#..#
#....#....### ..#
#...###..!.# .#
....# #...## .#
#...# #...# # #...
#..## .. ...#


You could see 2 orcs and a friendly +2 spectral club (summoned).

Vanquished Creatures
  A phantom (D:3)
  Ijyb (D:2)
  Terence (D:2)
  An orc wizard (D:4)
  4 adders
  A worm (D:2)
  2 orcs
  6 ball pythons
  2 bats (D:3)
  7 endoplasms
  3 giant cockroaches
  4 goblins
  4 hobgoblins
  2 jackals (D:1)
  3 quokkas
  7 kobolds
  8 rats
57 creatures vanquished.

Notes
Turn   | Place    | Note
-------+----------+-------------------------------------------
     0 | D:5      | flotson the Demonspawn Delver began the quest for the Orb.
     0 | D:5      | Reached XP level 1. HP: 18/18 MP: 1/1
     4 | D:5      | Noticed an iguana
     5 | D:5      | Noticed a scorpion
     9 | D:5      | Noticed a killer bee
    10 | D:5      | Noticed sirJeffrey23's ghost (novice TeAE)
    11 | D:5      | Found a runed translucent gate.
    11 | D:5      | Noticed a gnoll bouda
    12 | D:5      | Found a runed translucent gate.
    12 | D:5      | Found a runed translucent gate.
    12 | D:5      | Noticed an orc wizard
    13 | D:5      | Noticed an iguana
    16 | D:5      | Noticed an iguana
    16 | D:5      | Noticed an iguana
    17 | D:5      | Noticed a bullfrog
    26 | D:5      | Noticed an iguana
    29 | D:5      | Noticed an ogre
    35 | D:5      | Noticed a scorpion
    37 | D:5      | Noticed an iguana
   194 | D:1      | Gained mutation: You sometimes gain a little power by
                  | taking damage. [demonic ancestry]
   194 | D:1      | Reached XP level 2. HP: 24/24 MP: 2/2
   881 | D:2      | Gained mutation: You are partially covered in large bone
                  | plates. (SH +4) [demonic ancestry]
   881 | D:2      | Reached XP level 3. HP: 29/29 MP: 3/3
   925 | D:2      | Reached skill level 1 in Armour
  1134 | D:2      | Reached skill level 1 in Evocations
  1286 | D:2      | Noticed Terence
  1293 | D:2      | Killed Terence
  1294 | D:2      | Reached skill level 1 in Throwing
  1294 | D:2      | Gained mutation: You are mostly covered in large bone
                  | plates. (SH +6) [demonic ancestry]
  1294 | D:2      | Reached XP level 4. HP: 33/35 MP: 4/4
  1735 | D:3      | Noticed Pargi
  1854 | D:3      | Noticed Ijyb
  1966 | D:3      | Found a sparkling altar of Nemelex Xobeh.
  1967 | D:3      | Noticed a phantom
  1975 | D:3      | Killed a phantom
  1976 | D:3      | Gained mutation: You are completely covered in large bone
                  | plates. (SH +8) [demonic ancestry]
  1976 | D:3      | Reached XP level 5. HP: 37/41 MP: 5/5
  2373 | D:2      | Killed Ijyb
  2566 | D:3      | Found a faded altar of an unknown god.
  3158 | D:4      | Slain by an orc

Illustrated notes

Levels and vault maps discovered:
D:1:      dpeg_arrival_connections, layout_basic, st_stairs_14,
          minmay_misc_feat_rows, minivault_24, hangedman_decor_clover_reticule
D:2:      layout_basic, hangedman_decor_lopped,
          nicolae_concentric_dashed_squares_mild, minmay_quadrilaterals,
          uniq_terence
D:3:      layout_basic, lemuel_tele_altar, hellmonk_ecumenical_altar_lost_god,
          minmay_misc_feat_x, minivault_26, uniq_pargi, uniq_ijyb
D:4:      cheibrodos_pilgrimage, layout_layer_cave,
          minmay_temple_entry_sparse_star, serial_shops, kennysheep_mini
D:5:      layout_rooms, gammafunk_ghost_split, cheibrodos_sewer_entry_bend

Skill      XL: |  1  2  3 |
---------------+----------+-----
Axes           | 2 |  2.6
Dodging        | 2 |  2.5
Armour         | 1 |  1.6
Evocations     | 1 |  1.7
Throwing       | 1 |  1.5
Fighting       | |  3.7
Stealth        | |  4.9

Action                     |  1- 3 |  4- 6 || total
---------------------------+-------+-------++-------
  Melee: Spear             |    69 |       ||    69
         Dagger            |    39 |    69 ||   108
         Punch             |     1 |     1 ||     2
         Club              |       |    31 ||    31
  Throw: Dart              |       |     8 ||     8
         Boomerang         |       |     4 ||     4
    Use: Scroll            |     1 |     1 ||     2
         Potion            |     1 |     2 ||     3
   Stab: Sleeping          |    15 |     3 ||    18
 Armour: Leather armour    |    17 |       ||    17
         Chain mail        |     5 |       ||     5
         Ring mail         |       |    59 ||    59
  Dodge: Dodged            |    45 |    54 ||    99
  Block: Other             |     4 |    48 ||    52

Table legend: (Time is in decaauts)
 A = Elapsed time spent in this place.
 B = Non-inter-level travel time spent in this place.
 C = Inter-level travel time spent in this place.
 D = Time resting spent in this place.
 E = Time spent auto-exploring this place.
 F = Levels seen in this place.
 G = Mean time per level.
                   A        B        C        D        E       F      G
               +--------+--------+--------+--------+--------+-----+--------+
         Total |   3125 |   2904 |    221 |    254 |   2019 |   5 |  625.0 |
       Dungeon |   3125 |   2904 |    221 |    254 |   2019 |   5 |  625.0 |
               +--------+--------+--------+--------+--------+-----+--------+

Top non-repeatable levels by time:
     D:2: 1254 daAuts
     D:3: 968 daAuts
     D:1: 842 daAuts
     D:5: 37 daAuts
     D:4: 23 daAuts
